 Dungeon Crawl Stone Soup version 0.28.0-1-gb440e238dd (webtiles) character file.

Game seed: 4443457511884911670

247 themarg the Fighter (level 6, -1/61 HPs)
             Began as a Gnoll Wanderer on Feb 22, 2022.
             Killed by divine providence
             ... invoked by an orc priest
              (12 damage)
             ... on level 4 of the Dungeon.
             The game lasted 00:08:48 (3279 turns).

themarg the Fighter (Gnoll Wanderer)                Turns: 3279, Time: 00:08:49

Health: -1/61      AC:  8    Str: 18    XL:     6   Next: 11%
Magic:  8/8        EV: 11    Int: 13    God:
Gold:   207        SH:  0    Dex: 11    Spells: 8/8 levels left

rFire   . . .      SeeInvis .   a - +3 hand axe
rCold   . . .      Faith    .   (no shield)
rNeg    . . .      Spirit   .   d - +0 leather armour
rPois   .          Reflect  .   (no helmet)
rElec   .          Harm     .   v - +0 cloak
rCorr   .          Rampage  .   (no gloves)
Will    .....                   (no boots)
Stlth   +.........              (no amulet)
HPRegen 0.20/turn               j - +6 ring of intelligence
MPRegen 0.11/turn               l - +4 ring of protection

@: no status effects
A: fangs 1, strong nose, distributed training
a: no special abilities


You were on level 4 of the Dungeon.
You visited 1 branch of the dungeon, and saw 4 of its levels.

You collected 207 gold pieces.

Inventory:

Hand Weapons
 a - a +3 hand axe (weapon)
 b - a +0 hand crossbow
Missiles
 c - 58 bolts
 f - 52 arrows
 q - 95 stones (quivered)
Armour
 d - a +0 leather armour (worn)
 v - a +0 cloak (worn)
Jewellery
 j - a +6 ring of intelligence (left hand)
 l - a +4 ring of protection (right hand)
Scrolls
 h - 2 scrolls of identify {unknown}
 i - a scroll of noise
 k - a scroll of enchant weapon {unknown}
 n - a scroll of acquirement {unknown}
 p - a scroll of teleportation {unknown}
 t - a scroll of amnesia {unknown}
Potions
 e - a potion of mutation {unknown}
 g - a potion of flight {unknown}
 m - a potion of resistance {unknown}
 o - a potion of attraction {unknown}
 r - a potion of ambrosia {unknown}
 s - a potion of degeneration {unknown}
 u - 4 potions of curing {unknown}


   Skills:
 + Level 10.6 Fighting
 + Level 1.8 Short Blades
 + Level 1.8 Long Blades
 + Level 4.9 Axes
 + Level 1.8 Maces & Flails
 + Level 1.8 Polearms
 + Level 1.8 Staves
 + Level 1.8 Slings
 + Level 1.8 Bows
 + Level 4.9 Crossbows
 + Level 1.8 Throwing
 + Level 3.1 Armour
 + Level 1.8 Dodging
 + Level 1.8 Stealth
 + Level 1.8 Shields
 + Level 1.8 Unarmed Combat
 + Level 1.8 Spellcasting
 + Level 1.4 Conjurations
 + Level 1.4 Hexes
 + Level 1.4 Summonings
 + Level 1.4 Necromancy
 + Level 1.4 Translocations
 + Level 1.4 Transmutations
 + Level 1.4 Fire Magic
 + Level 1.4 Ice Magic
 + Level 1.4 Air Magic
 + Level 1.4 Earth Magic
 + Level 1.4 Poison Magic
 + Level 2.0 Invocations
 + Level 1.8 Evocations


You had 8 spell levels left.
You didn't know any spells.
Your spell library contained the following spells:

 Spells                   Type           Power      Damage    Failure   Level
 Inner Flame              Hex/Fire       4%         N/A       45%         3
 Cause Fear               Hex            2%         N/A       86%         4
 Discord                  Hex            2%         N/A       100%        8


Dungeon Overview and Level Annotations

Branches:
Dungeon (4/15)
 Temple: D:4-7

Altars:


Innate Abilities, Weirdness & Mutations

You have very sharp teeth.
Your uncanny sense of smell can sniff out nearby items.
Your experience applies equally to all skills.


Message History

You bump into the rock wall.
You feel less confused.
The orc priest hits you but does no damage.
You hit the orc priest but do no damage.
The orc priest is lightly wounded.
The orc priest barely misses you.
The orc priest hits you but does no damage.
You hit the orc priest.
The orc priest is moderately wounded.
The orc priest closely misses you.
You hit the orc priest but do no damage.
The orc priest is moderately wounded.
The orc priest hits you but does no damage.
You barely miss the orc priest.
You bite the orc priest, but do no damage.
The orc priest is moderately wounded.
The orc priest mumbles some strange prayers to Beogh against you.
Beogh smites you!
* * * LOW HITPOINT WARNING * * *
You hit the orc priest but do no damage.
The orc priest is moderately wounded.
The orc priest hits you with a +0 whip.
* * * LOW HITPOINT WARNING * * *
The orc priest hits you with a +0 whip.
* * * LOW HITPOINT WARNING * * *
Things that are here:
a +0 dagger; a +0 robe The orc priest invokes the aid of Beogh against you.
You barely resist.
You don't know any spells.
The orc priest calls down the wrath of Beogh upon you.
Pain shoots through your body!
* * * LOW HITPOINT WARNING * * *
The orc priest calls down the wrath of Beogh upon you.
Pain shoots through your body!
* * * LOW HITPOINT WARNING * * *
There is a stone staircase leading down here.
The orc priest mumbles some strange prayers to Beogh against you.
Beogh smites you!
You die...

......................
###o###...........#### #.#
#.............>########.
#.###..........###...........
#.##...........# ##..........
#o#.........)..####............
#....#.......).................
##..#.##.o......................
##........######@###)............
.......#### #.# #.............
##....## #.####............
.....###########....###.......)..
###...............#..####........
####.############.##.# #........
#....# #..#.####........ #....#
#......†........ #....###
###.###.........


You could see an orc priest.

Vanquished Creatures
  A bullfrog skeleton (D:3)
  2 orc wizards
  An iguana (D:4)
  A hound skeleton (D:4)
  A howler monkey skeleton (D:4)
  3 adders
  An adder skeleton (D:4)
  3 worms
  A dart slug (D:1)
  6 orcs
  6 endoplasms
  2 giant cockroaches
  6 goblins
  13 hobgoblins
  7 kobolds
  3 quokkas
  5 ball pythons
  4 bats
  2 frilled lizards
  6 rats
74 creatures vanquished.

Notes
Turn   | Place    | Note
-------+----------+-------------------------------------------
     0 | D:1      | Reached skill level 10 in Fighting
     0 | D:1      | themarg the Gnoll Wanderer began the quest for the Orb.
     0 | D:1      | themarg set off with the following items: a +3 hand axe, a
                  | +0 hand crossbow, 29 bolts, a +0 leather armour
     0 | D:1      | Reached XP level 1. HP: 29/29 MP: 1/1
   102 | D:1      | Found a faded altar of an unknown god.
   356 | D:1      | Reached XP level 2. HP: 36/36 MP: 2/2
  1105 | D:1      | Reached XP level 3. HP: 39/41 MP: 3/3
  1387 | D:2      | Reached skill level 1 in Invocations
  1549 | D:2      | Reached skill level 1 in Short Blades
  1549 | D:2      | Reached skill level 1 in Long Blades
  1549 | D:2      | Reached skill level 1 in Maces & Flails
  1549 | D:2      | Reached skill level 1 in Polearms
  1549 | D:2      | Reached skill level 1 in Staves
  1549 | D:2      | Reached skill level 1 in Slings
  1549 | D:2      | Reached skill level 1 in Bows
  1549 | D:2      | Reached skill level 1 in Throwing
  1549 | D:2      | Reached skill level 1 in Dodging
  1549 | D:2      | Reached skill level 1 in Stealth
  1549 | D:2      | Reached skill level 1 in Shields
  1549 | D:2      | Reached skill level 1 in Unarmed Combat
  1549 | D:2      | Reached skill level 1 in Spellcasting
  1549 | D:2      | Reached skill level 1 in Evocations
  1980 | D:2      | Reached XP level 4. HP: 48/48 MP: 5/5
  2062 | D:3      | Reached skill level 1 in Conjurations
  2062 | D:3      | Reached skill level 1 in Hexes
  2062 | D:3      | Reached skill level 1 in Summonings
  2062 | D:3      | Reached skill level 1 in Necromancy
  2062 | D:3      | Reached skill level 1 in Translocations
  2062 | D:3      | Reached skill level 1 in Transmutations
  2062 | D:3      | Reached skill level 1 in Fire Magic
  2062 | D:3      | Reached skill level 1 in Ice Magic
  2062 | D:3      | Reached skill level 1 in Air Magic
  2062 | D:3      | Reached skill level 1 in Earth Magic
  2062 | D:3      | Reached skill level 1 in Poison Magic
  2319 | D:3      | Reached XP level 5. HP: 52/54 MP: 5/7
  3232 | D:4      | Reached XP level 6. HP: 56/61 MP: 8/8
  3279 | D:4      | Killed from afar by an orc priest

Illustrated notes

Levels and vault maps discovered:
D:1:      lemuel_arrival_lava_pool, layout_basic,
          hellmonk_ecumenical_altar_leap_of_faith, feat_on_display
D:2:      layout_basic
D:3:      layout_loops_cross
D:4:      layout_rooms

Skill      XL: |  1  2  3  4  5 |
---------------+----------------+-----
Fighting       | | 10.6
Invocations    | 1 2 |  2.0
Short Blades   | 1 |  1.8
Long Blades    | 1 |  1.8
Maces & Flails | 1 |  1.8
Polearms       | 1 |  1.8
Staves         | 1 |  1.8
Slings         | 1 |  1.8
Bows           | 1 |  1.8
Throwing       | 1 |  1.8
Dodging        | 1 |  1.8
Stealth        | 1 |  1.8
Shields        | 1 |  1.8
Unarmed Combat | 1 |  1.8
Spellcasting   | 1 |  1.8
Evocations     | 1 |  1.8
Conjurations   | 1 |  1.4
Hexes          | 1 |  1.4
Summonings     | 1 |  1.4
Necromancy     | 1 |  1.4
Translocations | 1 |  1.4
Transmutations | 1 |  1.4
Fire Magic     | 1 |  1.4
Ice Magic      | 1 |  1.4
Air Magic      | 1 |  1.4
Earth Magic    | 1 |  1.4
Poison Magic   | 1 |  1.4
Armour         | 3 |  3.1
Axes           | |  4.9
Crossbows      | |  4.9

Action                   |  1- 3 |  4- 6 || total
-------------------------+-------+-------++-------
Melee: Hand axe          |    95 |   111 ||   206
       Bite              |     3 |    17 ||    20
       Punch             |       |     4 ||     4
  Use: Scroll            |       |     1 ||     1
 Stab: Sleeping          |     1 |     2 ||     3
Armor: Leather armour    |    21 |    35 ||    56
Dodge: Dodged            |    40 |    57 ||    97
